PA
CHICAGO TULA @ GWINNETT COUNTY BLACK CATS
07/25/2029
 
TOP OF THE 1ST
Chicago Tula batting - Pitching for Gwinnett County Black Cats : LHP Aimo Latva
Pitching: LHP Aimo Latva
Batting: RHB Wes Griffith 0-0: Called Strike
0-1: Ground out 1-3 (Groundball, P)
Batting: RHB Santiago Valentín 0-0: Called Strike
0-1: SINGLE (Groundball, 6MD)
Batting: RHB Jesús Recesvinto 0-0: Ball
1-0: Ball
2-0: Foul Ball, location: 2F
2-1: DOUBLE (Line Drive, 78D)
Santiago Valentín to third
Batting: RHB Syed Sarkar 0-0: Ball
1-0: SINGLE (Groundball, 56D)
Santiago Valentín scores
Jesús Recesvinto to third
Runner from 3rd tries for Home, SAFE, no throw
Batting: RHB Lynwood Dimartínez 0-0: Foul Ball, location: 2F
0-1: Ball
1-1: Ball
2-1: Fly out, F3 (Popup, 34)
Batting: RHB Norm Chodorow 0-0: Foul Ball, location: 2F
0-1: Foul Ball, location: 2F
0-2: Foul Ball, location: 2F
0-2: Ground out 4-3 (Groundball, 4)
Top of the 1st over - 2 runs, 3 hits, 0 errors, 1 left on base; Chicago 2 - Gwinnett County 0
BOTTOM OF THE 1ST
Gwinnett County Black Cats batting - Pitching for Chicago Tula : LHP Jeff Enamorado
Pitching: LHP Jeff Enamorado
Batting: RHB Sidney Mackell 0-0: Fly out, F8 (Line Drive, 78D)
Batting: RHB Chang-lit Min 0-0: Ball
1-0: Ball
2-0: Ball
3-0: Base on Balls
Batting: LHB Víctor Sánchez 0-0: Ball
1-0: Ball
2-0: Called Strike
2-1: Called Strike
2-2: Strikes out swinging
Batting: RHB Matt Jeong 0-0: Ball
1-0: Called Strike
1-1: Swinging Strike
1-2: Ball
2-2: Foul Ball, location: 2F
2-2: Ground out 5-3 (Groundball, 5S)
Bottom of the 1st over - 0 runs, 0 hits, 0 errors, 1 left on base; Chicago 2 - Gwinnett County 0
TOP OF THE 2ND
Chicago Tula batting - Pitching for Gwinnett County Black Cats : LHP Aimo Latva
Batting: LHB Benny Cooke 0-0: Ball
1-0: Swinging Strike
1-1: Called Strike
1-2: Ball
2-2: Ball
3-2: Foul Ball, location: 2F
3-2: Strikes out swinging
Batting: RHB Otton Dis 0-0: Ball
1-0: Ball
2-0: Called Strike
2-1: Ground out 4-3 (Groundball, 4S)
Batting: RHB Jim MacRach 0-0: Foul Ball, location: 2F
0-1: Called Strike
0-2: Foul Ball, location: 2F
0-2: Ball
1-2: Foul Ball, location: 2F
1-2: Ball
2-2: Fly out, F9 (Flyball, 9)
Top of the 2nd over - 0 runs, 0 hits, 0 errors, 0 left on base; Chicago 2 - Gwinnett County 0
BOTTOM OF THE 2ND
Gwinnett County Black Cats batting - Pitching for Chicago Tula : LHP Jeff Enamorado
Batting: RHB Manuel Barrios 0-0: Fly out, F8 (Flyball, 8RD)
Batting: RHB Bill Wilson 0-0: Ball
1-0: Ball
2-0: Called Strike
2-1: Foul Ball, location: 2F
2-2: Strikes out swinging
Batting: LHB Ramón Vega 0-0: Swinging Strike
0-1: Swinging Strike
0-2: Strikes out swinging
Bottom of the 2nd over - 0 runs, 0 hits, 0 errors, 0 left on base; Chicago 2 - Gwinnett County 0
TOP OF THE 3RD
Chicago Tula batting - Pitching for Gwinnett County Black Cats : LHP Aimo Latva
Batting: RHB Wes Griffith 0-0: Ball
1-0: Ball
2-0: Ground out 5-3 (Groundball, 56)
Batting: RHB Santiago Valentín 0-0: Foul Ball, location: 2F
0-1: Swinging Strike
0-2: Ball
1-2: Strikes out swinging
Batting: RHB Jesús Recesvinto 0-0: Called Strike
0-1: Swinging Strike
0-2: Ground out 5-3 (Groundball, 56S)
Top of the 3rd over - 0 runs, 0 hits, 0 errors, 0 left on base; Chicago 2 - Gwinnett County 0
BOTTOM OF THE 3RD
Gwinnett County Black Cats batting - Pitching for Chicago Tula : LHP Jeff Enamorado
Batting: LHB Marvello Obra 0-0: Foul Ball, location: 2F
0-1: Called Strike
0-2: Ground out 4-3 (Groundball, 4)
Batting: RHB Elder Sarrano 0-0: Ball
1-0: Called Strike
1-1: Foul Ball, location: 2F
1-2: Fly out, F9 (Flyball, 9S)
Batting: RHB Sidney Mackell 0-0: Foul Ball, location: 2F
0-1: Ball
1-1: Swinging Strike
1-2: Foul Ball, location: 2F
1-2: Ball
2-2: Ball
3-2: Ground out 5-3 (Groundball, 56)
Bottom of the 3rd over - 0 runs, 0 hits, 0 errors, 0 left on base; Chicago 2 - Gwinnett County 0
TOP OF THE 4TH
Chicago Tula batting - Pitching for Gwinnett County Black Cats : LHP Aimo Latva
Batting: RHB Syed Sarkar 0-0: Called Strike
0-1: Foul Ball, location: 2F
0-2: Strikes out swinging
Batting: RHB Lynwood Dimartínez 0-0: Called Strike
0-1: Ball
1-1: SOLO HOME RUN (Flyball, 7LD), Distance : 369 ft
Batting: RHB Norm Chodorow 0-0: Ground out 5-3 (Groundball, 56)
Batting: LHB Benny Cooke 0-0: Ball
1-0: Ball
2-0: Foul Ball, location: 2F
2-1: Called Strike
2-2: Ball
3-2: Base on Balls
Batting: RHB Otton Dis 0-0: Ball
1-0: Ball
2-0: SINGLE (Line Drive, 5L)
Benny Cooke to second
Batting: RHB Jim MacRach 0-0: Ball
1-0: Ball
2-0: Called Strike
2-1: Called Strike
2-2: Fly out, F4 (Line Drive, 34)
Top of the 4th over - 1 run, 2 hits, 0 errors, 2 left on base; Chicago 3 - Gwinnett County 0
BOTTOM OF THE 4TH
Gwinnett County Black Cats batting - Pitching for Chicago Tula : LHP Jeff Enamorado
Batting: RHB Chang-lit Min 0-0: Ball
1-0: Ball
2-0: Swinging Strike
2-1: Swinging Strike
2-2: Ground out 6-3 (Groundball, 6MD)
Batting: LHB Víctor Sánchez 0-0: Ball
1-0: Ball
2-0: Ball
3-0: Base on Balls
Batting: RHB Matt Jeong 0-0: Ball
1-0: Ball
2-0: Fielders Choice at 2nd, 4-6 (Groundball, 4)
Batting: RHB Manuel Barrios 0-0: Swinging Strike
0-1: Ball
1-1: Called Strike
1-2: Foul Ball, location: 2F
1-2: Ball
2-2: Foul Ball, location: 2F
2-2: Strikes out swinging
Bottom of the 4th over - 0 runs, 0 hits, 0 errors, 1 left on base; Chicago 3 - Gwinnett County 0
TOP OF THE 5TH
Chicago Tula batting - Pitching for Gwinnett County Black Cats : LHP Aimo Latva
Batting: RHB Wes Griffith 0-0: Called Strike
0-1: SINGLE (Line Drive, 78S)
Batting: RHB Santiago Valentín 0-0: Sac Bunt - play at first, batter OUT! 1-3
Wes Griffith to second
Batting: RHB Jesús Recesvinto 0-0: Called Strike
Wes Griffith steals 3rd base
0-1: SINGLE (Groundball, 56D)
Wes Griffith scores
Batting: RHB Syed Sarkar 0-0: Grounds into double play, 6-4-3 (Groundball, 6)
Top of the 5th over - 1 run, 2 hits, 0 errors, 0 left on base; Chicago 4 - Gwinnett County 0
BOTTOM OF THE 5TH
Gwinnett County Black Cats batting - Pitching for Chicago Tula : LHP Jeff Enamorado
Batting: RHB Bill Wilson 0-0: SINGLE (Groundball, 25) (infield hit)
Batting: LHB Ramón Vega 0-0: Ball
1-0: Called Strike
1-1: Fly out, F9 (Flyball, 9LSF)
Batting: LHB Marvello Obra 0-0: Called Strike
0-1: Called Strike
0-2: Foul Ball, location: 2F
0-2: Strikes out swinging
Batting: RHB Elder Sarrano 0-0: Ground out U3 (Groundball, 3)
Bottom of the 5th over - 0 runs, 1 hit, 0 errors, 1 left on base; Chicago 4 - Gwinnett County 0
TOP OF THE 6TH
Chicago Tula batting - Pitching for Gwinnett County Black Cats : LHP Aimo Latva
Batting: RHB Lynwood Dimartínez 0-0: Ball
1-0: Ball
2-0: Foul Ball, location: 2F
2-1: Ball
3-1: Fly out, F8 (Flyball, 8RM)
Batting: RHB Norm Chodorow 0-0: Ground out 5-3 (Groundball, 56S)
Batting: LHB Benny Cooke 0-0: Ball
1-0: Ball
2-0: Ball
3-0: Base on Balls
Batting: RHB Otton Dis 0-0: Foul Ball, location: 2F
0-1: Fielders Choice at 2nd, 6-4 (Groundball, 6)
Top of the 6th over - 0 runs, 0 hits, 0 errors, 1 left on base; Chicago 4 - Gwinnett County 0
BOTTOM OF THE 6TH
Gwinnett County Black Cats batting - Pitching for Chicago Tula : LHP Jeff Enamorado
Batting: RHB Sidney Mackell 0-0: Foul Ball, location: 2F
0-1: Foul Ball, location: 2F
0-2: Foul Ball, location: 2F
0-2: Ball
1-2: Ground out 5-3 (Groundball, 56S)
Batting: RHB Chang-lit Min 0-0: Ball
1-0: Ground out 3-1 (Groundball, 34)
Batting: LHB Víctor Sánchez 0-0: Called Strike
0-1: Ball
1-1: Foul Ball, location: 2F
1-2: Foul Ball, location: 2F
1-2: Ball
2-2: Foul Ball, location: 2F
2-2: Fly out, F7 (Flyball, 7LMF)
Bottom of the 6th over - 0 runs, 0 hits, 0 errors, 0 left on base; Chicago 4 - Gwinnett County 0
TOP OF THE 7TH
Chicago Tula batting - Pitching for Gwinnett County Black Cats : LHP Aimo Latva
Batting: RHB Jim MacRach 0-0: Called Strike
0-1: Swinging Strike
0-2: Foul Ball, location: 2F
0-2: Ground out U3 (Groundball, 3)
Batting: RHB Wes Griffith 0-0: Ball
1-0: Ball
2-0: Ball
3-0: Called Strike
3-1: Base on Balls
Batting: RHB Santiago Valentín 0-0: Ball
1-0: Foul Ball, location: 2F
1-1: Ball
2-1: Foul Ball, location: 2F
2-2: Foul Ball, location: 2F
2-2: Foul Ball, location: 2F
2-2: Strikes out swinging
Wes Griffith steals 2nd base
Batter strikes out.
Batting: RHB Jesús Recesvinto 0-0: Called Strike
0-1: Fly out, F9 (Flyball, 9LDF)
Top of the 7th over - 0 runs, 0 hits, 0 errors, 1 left on base; Chicago 4 - Gwinnett County 0
BOTTOM OF THE 7TH
Gwinnett County Black Cats batting - Pitching for Chicago Tula : LHP Jeff Enamorado
Batting: RHB Matt Jeong 0-0: Ball
1-0: Called Strike
1-1: Ball
2-1: Ball
3-1: Called Strike
3-2: Foul Ball, location: 2F
3-2: Fly out, F7 (Flyball, 7LS)
Batting: RHB Manuel Barrios 0-0: Ball
1-0: Foul Ball, location: 2F
1-1: Called Strike
1-2: Ball
2-2: Reached on error, E6 (Groundball, 6)
Batting: RHB Bill Wilson 0-0: Swinging Strike
0-1: Ball
1-1: Foul Ball, location: 2F
1-2: Ball
2-2: Fly out, F6 (Line Drive, 6)
Batting: LHB Ramón Vega 0-0: Ball
1-0: Ball
2-0: Called Strike
2-1: Ball
3-1: Foul Ball, location: 2F
3-2: Strikes out looking
Bottom of the 7th over - 0 runs, 0 hits, 1 error, 1 left on base; Chicago 4 - Gwinnett County 0
TOP OF THE 8TH
Chicago Tula batting - Pitching for Gwinnett County Black Cats : LHP Aimo Latva
Batting: RHB Syed Sarkar 0-0: Called Strike
0-1: Fly out, F7 (Line Drive, 78M)
Batting: RHB Lynwood Dimartínez 0-0: Called Strike
0-1: Ball
1-1: Fly out, F9 (Line Drive, 9)
Batting: RHB Norm Chodorow 0-0: Ball
1-0: Called Strike
1-1: Ground out 5-3 (Groundball, 56)
Top of the 8th over - 0 runs, 0 hits, 0 errors, 0 left on base; Chicago 4 - Gwinnett County 0
BOTTOM OF THE 8TH
Gwinnett County Black Cats batting - Pitching for Chicago Tula : LHP Jeff Enamorado
Pitching: RHP Kyung-nam Kim
Batting: LHB Marvello Obra 0-0: Ball
1-0: Foul Ball, location: 2F
1-1: Ball
2-1: Swinging Strike
2-2: Strikes out looking
Batting: RHB Elder Sarrano 0-0: Called Strike
0-1: Fly out, F3 (Popup, 34S)
Batting: RHB Sidney Mackell 0-0: Called Strike
0-1: Foul Ball, location: 2F
0-2: Ball
1-2: Foul Ball, location: 2F
1-2: Strikes out swinging
Bottom of the 8th over - 0 runs, 0 hits, 0 errors, 0 left on base; Chicago 4 - Gwinnett County 0
TOP OF THE 9TH
Chicago Tula batting - Pitching for Gwinnett County Black Cats : LHP Aimo Latva
Pitching: RHP Ming-hoa Zhou
Batting: LHB Benny Cooke 0-0: Ball
1-0: Ball
2-0: Swinging Strike
2-1: Ball
3-1: Foul Ball, location: 2F
3-2: Fly out, F4 (Line Drive, 4)
Batting: RHB Otton Dis 0-0: Ground out 5-3 (Groundball, 5)
Batting: RHB Jim MacRach 0-0: Ball
1-0: Called Strike
1-1: DOUBLE (Line Drive, 9LD)
Batting: RHB Wes Griffith 0-0: Ball
1-0: Ball
2-0: Foul Ball, location: 2F
2-1: Ball
3-1: Foul Ball, location: 2F
3-2: SINGLE (Line Drive, 56D)
Jim MacRach to third
Jim MacRach scores
Batting: RHB Santiago Valentín 0-0: Ball
1-0: Called Strike
1-1: Swinging Strike
1-2: Ball
2-2: Ball
Wes Griffith steals 2nd base
3-2: Strikes out swinging
Top of the 9th over - 1 run, 2 hits, 0 errors, 1 left on base; Chicago 5 - Gwinnett County 0
BOTTOM OF THE 9TH
Gwinnett County Black Cats batting - Pitching for Chicago Tula : RHP Kyung-nam Kim
Now at C: Guo-fang Ni
Now at 1B: Raphaël Duval
Now in LF: Phil Oostermeer
Batting: RHB Chang-lit Min 0-0: Ball
1-0: Called Strike
1-1: Called Strike
1-2: Ground out 5-3 (Groundball, 56S)
Batting: LHB Víctor Sánchez 0-0: Ground out 6-3 (Groundball, 6)
Batting: RHB Matt Jeong 0-0: Called Strike
0-1: Ball
1-1: Called Strike
1-2: Strikes out swinging
Bottom of the 9th over - 0 runs, 0 hits, 0 errors, 0 left on base; Chicago 5 - Gwinnett County 0
Tuesday, December 19th, 2017 - OOTP Baseball 18.8 Build 76